 Dungeon Crawl Stone Soup version 0.29.1-15-g9cfb28693d (webtiles) character file.

Game seed: 18175570577522890946

2590 Ihaveafatcat the Protected (level 9, -3/82 HPs)
             Began as a Minotaur Fighter on Mar 30, 2023.
             Was an Initiate of Gozag.
             Slain by a killer bee (4 damage)
             ... on level 8 of the Dungeon.
             The game lasted 00:22:03 (9276 turns).

Ihaveafatcat the Protected (Minotaur Fighter)       Turns: 9276, Time: 00:22:06

Health: -3/82      AC: 10    Str: 24    XL:     9   Next: 33%
Magic:  8/8        EV:  9    Int:  5    God:    Gozag
Gold:   526        SH:  6    Dex: 11    Spells: 8/8 levels left

rFire   . . .      SeeInvis .   a - +2 war axe (flame)
rCold   . . .      Faith    .   c - +0 buckler
rNeg    + . .      Spirit   .   b - +1 scale mail
rPois   .          Reflect  .   (helmet restricted)
rElec   .          Harm     +   s - scarf {harm}
rCorr   .          Rampage  .   (no gloves)
Will    +....                   e - +0 pair of boots
Stlth   ..........              j - amulet of magic regeneration
HPRegen 0.23/turn               k - ring of positive energy
MPRegen 0.51/turn               E - ring of willpower

@: lethally poisoned (-3 -> -6), about to teleport, gold aura
A: horns 2, retaliatory headbutt
a: Renounce Religion, Potion Petition, Call Merchant, Bribe Branch


You were on level 8 of the Dungeon.
You worshipped Gozag.
Gozag was pleased with you.
You visited 2 branches of the dungeon, and saw 9 of its levels.

You collected 628 gold pieces.
You paid 102 gold pieces to Gozag.

Inventory:

Hand Weapons
 a - a +2 war axe of flaming (weapon)
Missiles
 g - 5 poisoned darts
 h - 3 throwing nets (quivered)
Armour
 b - a +1 scale mail (worn)
 c - a +0 buckler (worn)
 e - a +0 pair of boots (worn)
 s - a scarf of harm (worn)
Jewellery
 j - an amulet of magic regeneration (around neck)
 k - a ring of positive energy (left hand)
 E - a ring of willpower (right hand)
Wands
 r - a wand of polymorph (19)
 y - a wand of roots (12)
 C - a wand of mindburst (13)
 D - a wand of acid (10)
Scrolls
 i - 3 scrolls of immolation
 l - a scroll of fear
 n - 3 scrolls of amnesia
 p - a scroll of vulnerability
 q - 3 scrolls of poison
 t - a scroll of teleportation
 w - 2 scrolls of identify
Potions
 d - 2 potions of might
 f - 2 potions of haste
 o - a potion of resistance
 u - a potion of curing
 v - a potion of flight
 x - a potion of degeneration
 B - 2 potions of magic


   Skills:
 + Level 8.4 Fighting
 + Level 8.0 Axes
 + Level 8.5 Armour
 + Level 8.4 Shields


You had 8 spell levels left.
You didn't know any spells.
Your spell library contained the following spells:

 Spells                   Type           Power      Damage    Failure   Level
 Gell's Gravitas          Tloc           0%         N/A       99%         3
 Ignite Poison            Fire/Tmut/Pois 0%         N/A       99%         3
 Mephitic Cloud           Conj/Pois/Air  0%         N/A       99%         3
 Summon Guardian Golem    Hex/Summ       0%         N/A       99%         3
 Teleport Other           Tloc           0%         N/A       99%         3
 Tukima's Dance           Hex            0%         N/A       99%         3
 Passage of Golubria      Tloc           0%         N/A       100%        4
 Freezing Cloud           Conj/Ice/Air   0%         6-21      100%        5
 Yara's Violent Unravell  Hex/Tmut       0%         3d3       100%        5
 Dispersal                Tloc           0%         N/A       100%        6
 Orb of Destruction       Conj           0%         9d5       100%        7
 Spellforged Servitor     Conj/Summ      0%         N/A       100%        7


Dungeon Overview and Level Annotations

Branches:
Dungeon (8/15)             Temple (1/1) D:6
   Lair: D:8-11

Altars:
Dithmenos
Gozag
Hepliaklqana
Okawaru
Ru
Sif Muna
The Shining One

Shops:
D:1 =   D:6 *   D:8 !

Annotations:
D:8 Maurice


Innate Abilities, Weirdness & Mutations

You have a pair of horns on your head.
You reflexively headbutt those who attack you in melee.


Message History

The killer bee stings you.
* * * LOW HITPOINT WARNING * * *
The killer bee stings you but does no damage.
The killer bee buzzes angrily.
You see here 5 gold pieces.
You feel much better.
You feel sick.
You hear a shout!
The killer bee is no longer distracted by gold.
The killer bee barely misses you. You furiously retaliate!
You headbutt the killer bee!
You kill the killer bee!
The killer bee barely misses you. You block the killer bee's attack. x2
The killer bee stings you but does no damage.
The killer bee is distracted by your dazzling golden aura.
The killer bee barely misses you.
The killer bee buzzes angrily.
Your Axes skill increases to level 8!
The killer bee attacks as you move away!
The killer bee stings you.
* * * LOW HITPOINT WARNING * * *
You feel sick. The killer bee completely misses you.
The killer bee barely misses you. The killer bee stings you.
* * * LOW HITPOINT WARNING * * *
Maurice the Thief comes into view.
He is wielding a +0 dagger and carrying a wand of flame (17).
As you read the scroll of teleportation, it crumbles to dust.
You feel strangely unstable.
You feel sick. You block the killer bee's attack.
The killer bee closely misses you. You furiously retaliate!
You headbutt the killer bee. The killer bee closely misses you.
You furiously retaliate!
You headbutt the killer bee. You block the killer bee's attack.
Maurice zaps a wand.
The puff of flame hits you!
* * * LOW HITPOINT WARNING * * *
The killer bee attacks as you move away!
The killer bee stings you but does no damage.
* * * LOW HITPOINT WARNING * * *
You feel sick.
The killer bee is no longer distracted by gold.
The killer bee stings you.
You die...
Your body crumbles into a pile of gold.

#.# #.#*,,* #.* #.#**,*
*,* #.# *,* *,* #.# *,*
*** *,* ##y# *,* ,,* *,*
#..# *,* *,* *,* ##.##
*,# *,* *,*
#..####.##### *,* *,*
#.$yy@......# *,* *,*
*#..y#+#@..#.# *,* *,*
#....#,*,..#,*
,,***,****#..###,***.#,*
,,,,*,*,,....+,,∩,,+,#,*
*,*,*,*,###..***,***,,,*
,,*,*,*,**#..,,*,*,,,,,*
,,*,*,,,,*#..,,*+*,,,*,*
***,***,,*...,,,,,,,,*,*


You could see Maurice and 3 killer bees.

Vanquished Creatures
  A wyvern (D:6)
  2 water moccasins
  Duvessa (D:7)
  2 ice beasts
  A black bear (D:7)
  2 orc warriors (D:7)
  2 ogres
  A centaur (D:7)
  2 phantoms
  2 bullfrogs (D:7)
  2 scorpions
  Dowan (D:7)
  3 killer bees (D:8)
  A howler monkey (D:6)
  A crimson imp (D:7)
  3 orc priests
  2 hounds
  4 iguanas
  Jessica (D:2)
  10 orc wizards
  11 gnolls
  3 adders
  A white imp (D:7)
  3 dart slugs
  30 orcs
  3 ball pythons
  6 bats
  10 endoplasms
  2 giant cockroaches
  4 goblins
  3 hobgoblins
  9 jackals (D:1)
  6 kobolds
  3 quokkas
  A frilled lizard (D:1)
  4 rats
143 creatures vanquished.

Notes
Turn   | Place    | Note
-------+----------+-------------------------------------------
     0 | D:1      | Ihaveafatcat the Minotaur Fighter began the quest for the
                  | Orb.
     0 | D:1      | Reached XP level 1. HP: 19/19 MP: 0/0
   168 | D:1      | Reached XP level 2. HP: 27/27 MP: 1/1
   241 | D:1      | Found Finnam's Jewellery Emporium.
   334 | D:1      | Found a faded altar of an unknown god.
   383 | D:1      | Prayed at the altar of an unknown god.
   383 | D:1      | Became a worshipper of the Shining One
   383 | D:1      | Reached * piety under the Shining One
   724 | D:1      | Reached XP level 3. HP: 32/33 MP: 2/2
  1287 | D:2      | Noticed Jessica
  1290 | D:2      | Killed Jessica
  1291 | D:2      | Reached XP level 4. HP: 41/41 MP: 3/3
  2843 | D:4      | Noticed a phantom
  2843 | D:4      | Reached ** piety under the Shining One
  2852 | D:3      | Killed a phantom
  2853 | D:3      | Reached XP level 5. HP: 47/47 MP: 4/4
  3059 | D:3      | Reached skill level 5 in Shields
  3061 | D:3      | Reached skill level 5 in Fighting
  3061 | D:3      | Reached skill level 5 in Armour
  3528 | D:3      | Reached XP level 6. HP: 45/56 MP: 5/5
  4250 | D:4      | Noticed a water moccasin
  4253 | D:4      | Killed a water moccasin
  4254 | D:4      | Reached skill level 5 in Axes
  4254 | D:4      | Reached XP level 7. HP: 62/62 MP: 6/6
  5061 | D:5      | Entered Level 5 of the Dungeon
  5821 | D:6      | Noticed a wyvern
  5825 | D:6      | Reached XP level 8. HP: 71/71 MP: 7/7
  5964 | D:6      | Found Piac's CLEARANCE SALE!.
  6491 | D:6      | Identified the +5 falchion of Burnt Defiance {venom, Str+4}
  6583 | D:6      | Found a staircase to the Ecumenical Temple.
  6863 | Temple   | Entered the Ecumenical Temple
  7029 | Temple   | Fell from the grace of the Shining One
  7029 | Temple   | Became a worshipper of Gozag Ym Sagoz the Greedy
  7741 | D:7      | Noticed Dowan
  7741 | D:7      | Noticed Duvessa
  7748 | D:7      | Killed Duvessa
  7749 | D:7      | Killed Dowan
  7750 | D:7      | Reached XP level 9. HP: 39/81 MP: 8/8
  9236 | D:8      | Found Jualle's Distillery.
  9274 | D:8      | Noticed Maurice
  9275 | D:8      | HP: 3/82 [Maurice/puff of flame (14)]
  9276 | D:8      | HP: 1/82 [poisoned by a killer bee]
  9276 | D:8      | Slain by a killer bee

Illustrated notes

Levels and vault maps discovered:
D:1:      zaba_arrival_water, layout_basic, serial_shops,
          nicolae_shop_statue_plus, hellmonk_ecumenical_altar_slurped_away,
          fountainhead, grunt_decor_resistance
D:2:      layout_basic, uniq_jessica
D:3:      layout_basic, chequers_serial_rivers_small_3, minivault_25
D:4:      layout_rooms
D:5:      layout_layer_cave
D:6:      layout_rooms, minmay_temple_entry_glassed_door, serial_rivers,
          chequers_serial_rivers_micro_e, chequers_serial_rivers_micro_d,
          chequers_serial_rivers_large_b, chequers_serial_rivers_micro_b,
          chequers_serial_rivers_micro_a, chequers_serial_rivers_large_a,
          nicolae_shop_clearance
D:7:      layout_basic, minmay_fire_ice_demons, uniq_duvessa
D:8:      layout_loops_ring, gammafunk_ghost_icy, nicolae_ossuary_entry_plus,
          serial_shops, nicolae_shop_window_shopping, uniq_maurice, uniq_erica
Temple:   mainiacjoe_temple_big_plus

Skill      XL: |  1  2  3  4  5  6  7  8  9 |
---------------+----------------------------+-----
Armour         | 4 5 6 8 |  8.5
Shields        | 4 5 6 7 8 |  8.4
Fighting       | 4 5 6 7 8 |  8.4
Axes           | 3 4 5 6 7 8 |  8.0

Action                   |  1- 3 |  4- 6 |  7- 9 || total
-------------------------+-------+-------+-------++-------
Melee: War axe           |    64 |    55 |   136 ||   255
       Headbutt          |     2 |     7 |    20 ||    29
  Use: Potion            |     1 |     4 |     6 ||    11
       Scroll            |       |    10 |     7 ||    17
 Stab: Distracted        |       |       |     1 ||     1
Armor: Scale mail        |    50 |    45 |    73 ||   168
Dodge: Dodged            |    44 |    44 |    72 ||   160
Block: Buckler           |    15 |    23 |    33 ||    71
